 Dungeon Crawl Stone Soup version 0.11.0-9-gb634444 (webtiles) character file.

142 delax the Skirmisher (level 3, -1/25 HPs)
             Began as an Octopode Chaos Knight on Jan 24, 2013.
             Was a Plaything of Xom.
             Slain by an ooze (5 damage)
             ... on Level 1 of the Dungeon.
             The game lasted 00:07:02 (959 turns).

delax the Skirmisher (Octopode Chaos Knight)         Turns: 959, Time: 00:07:02

HP  -1/25        AC  1     Str 12      XL: 3   Next: 66%
MP   3/3         EV 12     Int 14      God: Xom
Gold 96          SH  0     Dex 11      Spells:  0 memorised,  2 levels left

Res.Fire  : . . .   See Invis. : .   a - +2 hand axe {=f}
Res.Cold  : . . .   Warding    : .   (no shield)
Life Prot.: . . .   Conserve   : .   (helmet restricted)
Res.Poison: .       Res.Corr.  : .   (no amulet)
Res.Elec. : .       Clarity    : .   (no ring)
Sust.Abil.: . .     Spirit.Shd : .   (no ring)
Res.Mut.  : .       Stasis     : .   (no ring)
Res.Rott. : .       Ctrl.Telep.: .   (no ring)
Saprovore : . . .   Levitation : .   (no ring) Ctrl.Flight: .
                                     (no ring)
                                     (no ring)
                                     (no ring)

@: not resistant to hostile enchantments, fairly stealthy
A: almost no armour, amphibious, 8 rings, constrict 8, camouflage 1, AC +1
a: Renounce Religion


You were on level 1 of the Dungeon.
You worshipped Xom.
You were a plaything of Xom.
You were not hungry.

You visited 1 branch of the dungeon, and saw 1 of its levels.

You collected 76 gold pieces.

Inventory:

Hand weapons
 a - a +2,+2 hand axe (weapon) {=f}
Missiles
 d - 29 darts (quivered)
 e - 21 stones
 i - 3 sling bullets of frost
Comestibles
 b - a chunk of giant cockroach flesh
 c - a bread ration
 f - a chunk of giant newt flesh
 g - a beef jerky
 h - a chunk of bat flesh


   Skills:
 * Level 3.7 Fighting
 + Level 3.3 Axes
 + Level 2.8 Dodging
 + Level 0.4 Stealth
 * Level 0.5 Traps & Doors
 * Level 0.2 Spellcasting


You had 2 spell levels left.
You didn't know any spells.

Dungeon Overview and Level Annotations

Branches:
Dungeon (1/27)

Altars:


Innate Abilities, Weirdness & Mutations

You cannot wear most types of armour.
You are amphibious.
You can wear up to eight rings at the same time.
You can use your tentacles to constrict many enemies at once.
Your skin changes colour to match your surroundings (Stlth).
Your rubbery body absorbs attacks (AC +1).


Message History

Nothing appears to happen.
The giant cockroach bites you.
* * * LOW HITPOINT WARNING * * *
You barely miss the giant cockroach. Your grab misses the giant cockroach.
The giant cockroach bites you.
* * * LOW HITPOINT WARNING * * *
The giant cockroach bites you but does no damage.
You barely miss the giant cockroach. You grab the giant cockroach.
You constrict the giant cockroach, but do no damage.
The giant cockroach bites you.
* * * LOW HITPOINT WARNING * * *
You barely miss the giant cockroach.
You squeeze the giant cockroach, but do no damage.
You constrict the giant cockroach. The giant cockroach barely misses you.
You hit the giant cockroach.
Your squeeze misses the giant cockroach.
The giant cockroach is severely wounded.
You constrict the giant cockroach.
You kill the giant cockroach!
The ooze hits you.
You die... ##########################.#.# # .........................#.#.# # .........................#.#.# # .....#..###############..#.#.# # ######..#.............#..#.#.# # #..#......J..... #..#.#.# # #..# ...JbrJ.J

#..#.#.# #
#..#######J#######..#.#.# #
#..#.......@.....#..#.#.# #
#..#⌠....###....⌠'..#.#.# #
#..#.....<<<.....#..#.#.# #
#..#..⌠...>...⌠..#..#.#.####
#..###+#######)###..#.#.#...
#.............[.....#.#.#...
#...........................
######........#######.#.....
###########........#######.#.....


You could see 4 oozes, a bat and a rat.

Vanquished Creatures
  A worm (D:1)
  An ooze (D:1)
  4 bats (D:1)
  7 giant cockroaches (D:1)
  2 hobgoblins (D:1)
  4 jackals (D:1)
  3 kobolds (D:1)
  2 giant newts (D:1)
  3 goblins (D:1)
  10 rats (D:1)
  A plant (D:1)
38 creatures vanquished.

Notes
Turn   | Place    | Note
--------------------------------------------------------------
     0 | D:1      | delax, the Octopode Chaos Knight, began the quest for the Orb.
     0 | D:1      | Reached XP level 1. HP: 14/14 MP: 1/1
    84 | D:1      | Reached XP level 2. HP: 14/19 MP: 2/2
   516 | D:1      | XOM: divination: detect creatures
   557 | D:1      | XOM: miscast effect
   706 | D:1      | Reached XP level 3. HP: 19/25 MP: 3/3
   952 | D:1      | XOM: confuse monster(s)
   959 | D:1      | Slain by an ooze
